 Dungeon Crawl Stone Soup version 0.31-a0-1005-gfbdfbac (webtiles) character file.

Game seed: 4309856652926922655

44 Partyfoot the Conjurer (level 3, 0/29 HPs)
             Began as a Draconian Conjurer on Nov 11, 2023.
             Succumbed to a goblin's poison
             ... on level 2 of the Dungeon.
             The game lasted 00:02:26 (1289 turns).

Partyfoot the Conjurer (Draconian Conjurer)         Turns: 1289, Time: 00:02:27

Health: 0/29       AC:  5    Str:  9    XL:     3   Next: 39%
Magic:  1/6        EV: 12    Int: 20    God:
Gold:   23         SH:  0    Dex:  9    Spells: 6/7 levels left

rFire   + . .        f - +0 mace
rCold   + . .        (no shield)
rNeg    . . .        (body armour unavailable)
rPois   +            (helmet restricted)
rElec   +            (no cloak)
rCorr   +            (no gloves)
SInv    .            (no boots)
Will    .....        (no amulet)
Stlth   ++           j - ring of resist corrosion
HPRegen 0.24/turn    (no ring)
MPRegen 0.10/turn

%: no passive effects
@: lethally poisoned (0 -> -14), resistant
A: AC +5, unfitting armour, cold-blooded
a: no special abilities


You were on level 2 of the Dungeon.
You visited 1 branch of the dungeon, and saw 2 of its levels.

You collected 23 gold pieces.

Inventory:

Hand Weapons
 f - a +0 mace (weapon)
Jewellery
 j - a ring of resist corrosion (left hand)
Scrolls
 b - 2 scrolls of identify {unknown}
 d - a scroll of immolation {unknown}
 e - 3 scrolls of teleportation {unknown}
 g - a scroll of silence {unknown}
 h - a scroll of noise {unknown}
 i - a scroll of amnesia {unknown}
 l - a scroll of brand weapon {unknown}
Potions
 a - a potion of magic
 k - a potion of might {unknown}


   Skills:
 + Level 1.9 Fighting
 - Level 1.7 Dodging
 - Level 1.7 Stealth
 + Level 2.5 Spellcasting
 + Level 4.4 Conjurations


You had 6 spell levels left.
You knew the following spells:

 Your Spells              Type           Power      Damage    Failure   Level
a - Magic Dart            Conj           80%        1d7       2%          1

Your spell library contained the following spells:

 Spells                   Type           Power      Damage    Failure   Level
 Searing Ray              Conj           40%        2d5       3%          2
 Dazzling Flash           Conj/Hex       22%        N/A       19%         3
 Fulminant Prism          Conj/Hex       5%         3d7       52%         4
 Iskenderun's Mystic Bla  Conj/Tloc      11%        2d4       52%         4


Dungeon Overview and Level Annotations

Branches:
Dungeon (2/15)

Altars:


Innate Abilities, Weirdness & Mutations

Your plain brown scales are hard. (AC +5)
You cannot fit into any form of body armour.
You are cold-blooded and may be slowed by cold attacks.


Message History

You tail-slap the goblin, but do no damage.
The goblin hits you but does no damage.
You barely miss the goblin. The goblin hits you with a +0 dagger.
The goblin barely misses you.
You sock the goblin!
You kill the goblin!
A goblin comes into view. It is wielding a +0 club.
The goblin hits you with a +2 dagger of venom.
A goblin comes into view. It is wielding a +0 dagger.
You see here a +0 dagger.
You barely miss the goblin.
The goblin hits you with a +2 dagger of venom. x2
The goblin shouts!
You hit the goblin.
The goblin is moderately wounded.
You hear a shout!
The goblin hits you with a +2 dagger of venom.
You are poisoned.
You hit the goblin but do no damage.
You feel very sick.
The goblin hits you with a +2 dagger of venom.
* * * LOW HITPOINT WARNING * * *
You feel sick. The goblin attacks as it pursues you!
The goblin barely misses you.
Okay, then.
Casting: Magic Dart (safe; 2% risk of failure)
Confirm with . or Enter, or press ? or * to list all spells.
Aiming: Magic Dart (safe; 2% risk of failure)
Press: ? - help, Shift-Dir - straight line, f - goblin
Aim: a goblin, wielding a +2 dagger of venom (100% to hit)
The magic dart hits the goblin.
The goblin is heavily wounded.
* * * LOW HITPOINT WARNING * * *
You feel sick.
The goblin hits you with a +2 dagger of venom.
* * * LOW HITPOINT WARNING * * *
You are more poisoned.
It was a potion of resistance.
You feel protected.
You die...

....##.##### ###
....##.# #.. ....##.#
#.# ....##.# #g#
######.# #.# #.# #.#
#.# #.#
#.###########.# #
#.†........@gg###.#
##############)...##.#
#.......# #...#######
#.#.# .....# ... ###
..#.. # #.


You could see 2 goblins.

Vanquished Creatures
  Robin (D:2)
  2 dart slugs (D:1)
  4 bats
  3 endoplasms
  3 giant cockroaches
  3 hobgoblins
  2 kobolds
  2 quokkas (D:1)
  4 ball pythons
  A frilled lizard (D:1)
  A goblin (D:2)
26 creatures vanquished.

Notes
Turn   | Place    | Note
-------+----------+-------------------------------------------
     0 | D:1      | Partyfoot the Draconian Conjurer began the quest for the
                  | Orb.
     0 | D:1      | Reached XP level 1. HP: 14/14 MP: 3/3
   270 | D:1      | Reached XP level 2. HP: 19/22 MP: 0/5
   321 | D:1      | Reached skill level 1 in Fighting
   901 | D:2      | Noticed Robin
  1131 | D:2      | Reached XP level 3. HP: 28/28 MP: 4/6
  1275 | D:2      | Killed Robin
  1289 | D:2      | Succumbed to a goblin's poison

Illustrated notes

Levels and vault maps discovered:
D:1:      dpeg_arrival_shrine, layout_rooms
D:2:      layout_basic, minmay_pentomino_w2, uniq_robin

Skill      XL: |  1  2 |
---------------+-------+-----
Fighting       | 1 |  1.9
Dodging        | |  1.7
Stealth        | |  1.7
Spellcasting   | |  2.5
Conjurations   | |  4.4

Action                     || total
---------------------------++-------
  Melee: Unarmed           ||     6
         Tailslap          ||     5
         Mace              ||    12
   Cast: Magic Dart        ||    54
    Use: Potion            ||     1
 Armour: Skin              ||    20
  Dodge: Dodged            ||     9

Table legend: (Time is in decaauts)
 A = Elapsed time spent in this place.
 B = Non-inter-level travel time spent in this place.
 C = Inter-level travel time spent in this place.
 D = Time resting spent in this place.
 E = Time spent auto-exploring this place.
 F = Levels seen in this place.
 G = Mean time per level.
                   A        B        C        D        E       F      G
               +--------+--------+--------+--------+--------+-----+--------+
         Total |   1293 |   1217 |     76 |     41 |   1030 |   2 |  646.5 |
       Dungeon |   1293 |   1217 |     76 |     41 |   1030 |   2 |  646.5 |
               +--------+--------+--------+--------+--------+-----+--------+

Top non-repeatable levels by time:
     D:1: 943 daAuts
     D:2: 350 daAuts
